 Dungeon Crawl Stone Soup version 0.26-a0-30-g56b8cd3df0 (webtiles) character file.

Game seed: 9851526306965081403, levelgen mode: deterministic

37665 vurker the Thaumaturge (level 13, -3/116 HPs)
             Began as a Grey Draconian Conjurer on May 29, 2020.
             Was an Elder of Vehumet.
             Slain by a komodo dragon (30 damage)
             ... on level 6 of the Lair of Beasts.
             The game lasted 00:38:23 (23904 turns).

vurker the Thaumaturge (Grey Draconian Conjurer)   Turns: 23904, Time: 00:38:24

Health: -3/116     AC: 19    Str: 12    XL:     13   Next: 59%
Magic:  6/30       EV: 12    Int: 19    God:    Vehumet [****..]
Gold:   1819       SH:  5    Dex: 12    Spells: 26/38 levels left

rFire    + . .     SeeInvis .   m - +3 short sword (protect)
rCold    . . .     Gourm    .   (no shield)
rNeg     . . .     Faith    .   (armour unavailable)
rPois    .         Spirit   .   (helmet restricted)
rElec    .         Reflect  +   D - +2 cloak {rCorr}
rCorr    +         Harm     .   J - +0 pair of gloves
MR       .....                  n - +1 pair of boots
Stlth    ++........             o - amulet of reflection
HPRegen  0.29/turn              E - +4 ring of slaying
MPRegen  0.22/turn              z - ring of protection from fire

@: no status effects
A: walk through water, unfitting armour, unbreathing, cold-blooded, AC +13
a: Renounce Religion


You were on level 6 of the Lair of Beasts.
You worshipped Vehumet.
Vehumet was greatly pleased with you.
You were hungry.

You visited 3 branches of the dungeon, and saw 18 of its levels.
You also visited: Ossuary and Ice Cave.

You collected 1864 gold pieces.
You spent 45 gold pieces at shops.

Inventory:

Hand Weapons
 m - a +3 short sword of protection (weapon)
   (You found it on level 2 of the Dungeon)
Missiles
 H - 2 throwing nets (quivered)
Armour
 n - a +1 pair of boots (worn)
   (You found it on level 2 of the Dungeon)
 D - a +2 cloak of preservation (worn)
   (You took it off Maurice on level 8 of the Dungeon)
 J - a +0 pair of gloves (worn)
   (You found it on level 9 of the Dungeon)
Jewellery
 j - an uncursed ring of flight
   (You took it off a centaur on level 7 of the Dungeon)
 o - an amulet of reflection (around neck)
   (You found it on level 3 of the Dungeon)
 q - an uncursed ring of wizardry
   (You found it on level 4 of the Lair of Beasts)
 z - a ring of protection from fire (right hand)
   (You found it on level 2 of the Lair of Beasts)
 E - a +4 ring of slaying (left hand)
   (You found it on level 7 of the Dungeon)
 F - an uncursed ring of protection from magic
   (You took it off a crimson imp on level 8 of the Dungeon)
Wands
 c - a wand of disintegration (23)
   (You found it on level 5 of the Dungeon)
 u - a wand of paralysis (4)
   (You found it on level 1 of the Lair of Beasts)
 x - a wand of acid (4)
   (You found it on level 6 of the Dungeon)
 y - a wand of polymorph (8)
   (You found it on level 7 of the Dungeon)
Scrolls
 a - 7 scrolls of remove curse
 k - 10 scrolls of teleportation
 r - 3 scrolls of enchant armour
 s - 4 scrolls of enchant weapon
 t - 4 scrolls of immolation
 w - 4 scrolls of magic mapping
 A - 3 scrolls of identify
 B - 2 scrolls of fear
 C - a scroll of fog
Potions
 b - 4 potions of lignification
 d - 4 potions of mutation
 f - 2 potions of invisibility
 g - a potion of ambrosia
 h - 3 potions of flight
 i - 3 potions of brilliance
 l - 5 potions of heal wounds
 p - 6 potions of curing
 v - 2 potions of magic
Comestibles
 e - 21 rations


   Skills:
 + Level 11.4 Fighting
 - Level 1.7 Dodging
 - Level 1.7 Stealth
 * Level 13.4 Spellcasting
 - Level 13.3 Conjurations
 * Level 9.4 Earth Magic


You had 26 spell levels left.
You knew the following spells:

 Your Spells              Type           Power        Failure   Level  Hunger
a - Magic Dart            Conj           ####         0%          1    None
b - Searing Ray           Conj           ######       1%          2    None
c - Iskenderun's Mystic   Conj/Tloc      #####...     1%          4    None
z - Lee's Rapid Deconstr  Erth           #####.....   1%          5    ####...

Your spell library contained the following spells:

 Spells                   Type           Power        Failure   Level  Hunger
 Freezing Cloud           Conj/Ice/Air   ####......   32%         6    #####..
 Dazzling Flash           Conj/Hex       #####.       1%          3    None
 Fulminant Prism          Conj/Hex       #####.....   1%          4    None
 Animate Skeleton         Necr           N/A          5%          1    None
 Apportation              Tloc           ##....       5%          1    None
 Corona                   Hex            ##.....      5%          1    None
 Summon Small Mammal      Summ           ##..         5%          1    None


Dungeon Overview and Level Annotations

Branches:
Dungeon (11/15)            Temple (1/1) D:5            Lair (6/6) D:8
 Shoals (0/4) Lair:3        Snake (0/4) Lair:4        Slime (0/5) Lair:6
    Orc (0/2) D:10        Ossuary (visited)           IceCv (visited)

Altars:
Ashenzari
Cheibriados
Dithmenos
Elyvilon
Fedhas
Gozag
Hepliaklqana
Kikubaaqudgha
Makhleb
Nemelex Xobeh
Okawaru
Qazlal
Ru
Sif Muna
Trog
Uskayaw
Vehumet
Wu Jian
Xom
Yredelemnul
Zin
The Shining One
Jiyva

Shops:
D:5 !   D:6 %

Annotations:
D:3 3 runed translucent doors, coffeespoons's ghost, amateur MfWn
Lair:6 3 runed translucent doors, kae's ghost, journeyman HOFi


Innate Abilities, Weirdness & Mutations

You can walk through water.
Your dull iron-grey scales are very hard. (AC +13)
You cannot fit into any form of body armour.
You can survive without breathing.
You are cold-blooded and may be slowed by cold attacks.


Message History

The komodo dragon hisses angrily.
The spiny frog stings you.
* * * LOW HITPOINT WARNING * * *
The spiny frog stings you!
* * * LOW HITPOINT WARNING * * *
Found 18 gold pieces.
Found a viscous altar of Jiyva.
Found a staircase to the Slime Pits.
Unknown command.
Unknown command.
As you read the scroll of fear, it crumbles to dust.
You assume a fearsome visage.
The spiny frog looks frightened!
The komodo dragon looks frightened!
Okay, then.
As you read the scroll of teleportation, it crumbles to dust.
You feel strangely unstable.
Found a scroll of remove curse.
Your surroundings suddenly seem different.
Floosh!
A komodo dragon comes into view.
The komodo dragon hisses angrily.
A harpy comes into view.
The harpy screeches!
Unknown command.
Unknown command.
The harpy misses you. The harpy claws you but does no damage.
The harpy misses you. The harpy barely misses you.
Aim: a harpy The searing ray hits the harpy. (Press . to maintain the ray.)
The harpy claws you.
* * * LOW HITPOINT WARNING * * *
The harpy claws you.
* * * LOW HITPOINT WARNING * * *
You feel much better.
The harpy screeches!
You block the harpy's attack. The harpy claws you but does no damage.
You block the harpy's attack. The harpy claws you but does no damage.
The harpy barely misses you. The harpy claws you but does no damage.
You block the harpy's attack. The harpy closely misses you.
The komodo dragon bites you.
* * * LOW HITPOINT WARNING * * *
The komodo dragon misses you. The harpy closely misses you. x2
The harpy claws you but does no damage. The harpy misses you.
There is a stone staircase leading up, spattered with blood here.
The harpy screeches!
You block the harpy's attack. The harpy claws you!
* * * LOW HITPOINT WARNING * * *
The komodo dragon bites you!!
You die...

#....# #....##
#.....#
##...####..
#....P..#P.
##.........
#..........
######....#.....
#..P#..@...#....
..≈.≈.≈l≈≈.≈≈≈≈≈
≈≈#.≈≈##≈H##≈≈#
P≈#.≈≈#.≈≈##≈≈##
≈≈≈≈≈≈≈≈≈≈≈≈≈≈P≈
≈≈.#P≈≈#≈≈#≈≈≈..
≈≈#≈≈≈≈≈P≈≈≈≈≈≈#
≈≈#≈≈≈≈≈≈≈≈≈≈≈≈#
#≈≈≈≈≈≈≈≈≈≈≈≈#


You could see a komodo dragon and a harpy.

Vanquished Creatures
  Harold (D:8)
  3 hydras
  A merfolk avatar (Lair:6)
  A two-headed ogre (D:8)
  A harpy (Lair:6)
  An ugly thing (D:10)
  A manticore (D:11)
  9 elephants
  2 centaur zombies
  Maurice (D:8)
  9 spiny frogs
  A black mamba (Lair:2)
  A merfolk siren (Lair:3)
  6 rime drakes
  An ice devil (Lair:4)
  3 komodo dragons
  3 polar bears
  A troll (D:10)
  A wind drake (Lair:6)
  19 blink frogs
  5 hippogriffs
  7 dream sheep (Lair:5)
  A spriggan (Lair:4)
  A wraith (D:11)
  5 wyverns (Lair:6)
  A hungry ghost (D:9)
  28 yaks
  A warg (D:10)
  2 nagas (Lair:4)
  8 porcupines
  16 water moccasins
  A sky beast (D:8)
  4 orc warriors
  11 ice beasts
  11 wolves
  2 black bears
  4 ogres
  A phantom (D:4)
  A necrophage (D:8)
  8 centaurs
  11 crocodiles
  2 big kobolds
  15 bullfrogs
  A gnoll sergeant (D:7)
  4 scorpions
  3 water moccasin zombies (Ossuary)
  6 killer bees (D:9)
  5 wights (D:6)
  A howler monkey (D:7)
  4 crimson imps
  A bullfrog zombie (D:7)
  3 hounds
  2 jellies (D:5)
  5 orc priests
  3 centaur skeletons
  2 bullfrog skeletons
  5 orc wizards
  2 iguanas
  2 worker ants
  A hound zombie (D:5)
  A hound skeleton (D:8)
  2 mummies (Ossuary)
  A worker ant zombie (D:7)
  3 gnolls (D:7)
  11 adders
  2 shadow imps
  5 adder zombies
  A worm (D:3)
  2 dart slugs
  6 leopard geckos
  55 orcs
  A ball python (D:3)
  9 bats
  4 giant cockroaches
  4 gnoll zombies (Ossuary)
  4 hobgoblins
  2 jackals (D:3)
  19 kobolds
  2 quokkas
  A ball python skeleton (D:4)
  5 frilled lizards
  4 goblins
  2 goblin skeletons (D:7)
  2 goblin zombies (D:7)
  11 hobgoblin zombies
  A jackal zombie (D:8)
  A kobold skeleton (D:7)
  5 kobold zombies
  A leopard gecko zombie (D:6)
  3 orc skeletons (D:7)
  6 orc zombies
  A quokka skeleton (D:5)
  8 rats
  A fungus (Lair:5)
  A plant (Lair:6)
449 creatures vanquished.

Vanquished Creatures (others)
  2 bushes (Lair:6)
  15 fungi
  23 plants
40 creatures vanquished.

Grand Total: 489 creatures vanquished

Notes
Turn   | Place    | Note
-------+----------+-------------------------------------------
     0 | D:1      | vurker the Draconian Conjurer began the quest for the Orb.
     0 | D:1      | Reached XP level 1. HP: 14/14 MP: 3/3
   294 | D:1      | Reached XP level 2. HP: 22/22 MP: 1/5
   866 | D:1      | Reached skill level 1 in Fighting
  1438 | D:2      | Reached XP level 3. HP: 28/28 MP: 1/7
  2407 | D:3      | Reached XP level 4. HP: 35/35 MP: 0/8
  2942 | D:3      | Noticed coffeespoons's ghost (amateur MfWn)
  2985 | D:3      | Found a runed translucent gate.
  2985 | D:3      | Found a runed translucent gate.
  2993 | D:3      | Found a runed translucent gate.
  3021 | D:3      | Reached skill level 5 in Conjurations
  3021 | D:3      | Reached XP level 5. HP: 27/41 MP: 1/10
  3130 | D:3      | Learned a level 2 spell: Searing Ray
  3135 | D:3      | Learned a level 4 spell: Iskenderun's Mystic Blast
  3890 | D:4      | Found a hide-covered altar of Uskayaw.
  3975 | D:4      | Noticed a phantom
  4015 | D:4      | Killed a phantom
  4015 | D:4      | Reached XP level 6. HP: 38/50 MP: 1/12
  4938 | D:4      | Your scales start taking on a dull iron-grey colour.
  4938 | D:4      | Reached XP level 7. HP: 57/57 MP: 6/14
  4938 | D:4      | Gained mutation: You can survive without breathing. [Grey
                  | Draconian growth]
  5401 | D:5      | Entered Level 5 of the Dungeon
  5446 | D:5      | Reached skill level 5 in Spellcasting
  5505 | D:5      | Found a sand-covered staircase.
  5572 | Ossuary  | Entered an ossuary
  6372 | D:5      | Reached XP level 8. HP: 66/66 MP: 11/16
  6431 | D:5      | Found Xanisho's Distillery.
  6434 | D:5      | Bought a potion of curing for 45 gold pieces
  6526 | D:5      | Found a shadowy altar of Dithmenos.
  6604 | D:5      | Found a staircase to the Ecumenical Temple.
  6613 | Temple   | Entered the Ecumenical Temple
  7038 | D:5      | Found a stormy altar of Qazlal.
  7661 | D:6      | Reached skill level 5 in Fighting
  7958 | D:6      | Found Caiwabb's Food Shop.
  8625 | D:7      | Reached XP level 9. HP: 63/74 MP: 9/19
  8918 | D:7      | You fall into a shaft and drop 1 floor!
  9138 | D:8      | Found a shattered altar of Ashenzari.
  9140 | D:8      | Found an opulent altar of Gozag.
  9155 | D:8      | Found a radiant altar of Vehumet.
  9158 | D:8      | Became a worshipper of Vehumet
  9279 | D:8      | Found a blossoming altar of Fedhas.
  9331 | D:8      | Noticed Harold
  9869 | D:7      | Reached * piety under Vehumet
  9869 | D:7      | Offered knowledge of Freeze by Vehumet.
 10059 | D:7      | Found a glowing golden altar of the Shining One.
 10922 | D:8      | Found an iron altar of Okawaru.
 10924 | D:8      | Found a sparkling altar of Nemelex Xobeh.
 10956 | D:8      | Noticed a two-headed ogre
 10968 | D:8      | Noticed Maurice
 10969 | D:8      | Killed a two-headed ogre
 10969 | D:8      | Reached skill level 10 in Conjurations
 10969 | D:8      | Reached XP level 10. HP: 57/86 MP: 4/22
 10986 | D:8      | Killed Maurice
 11293 | D:8      | Killed Harold
 11552 | D:8      | Found a staircase to the Lair.
 12000 | D:9      | Reached ** piety under Vehumet
 12000 | D:9      | Offered knowledge of Foxfire by Vehumet.
 13011 | D:10     | Entered Level 10 of the Dungeon
 13400 | D:10     | Offered knowledge of Frozen Ramparts by Vehumet.
 13454 | D:10     | Reached skill level 10 in Spellcasting
 13562 | D:10     | Found a staircase to the Orcish Mines.
 14225 | D:11     | Noticed a manticore
 14233 | D:11     | Reached XP level 11. HP: 94/94 MP: 11/25
 14467 | D:11     | Reached *** piety under Vehumet
 14751 | D:11     | Noticed a white ugly thing
 14751 | D:11     | Noticed a skeletal warrior
 14752 | D:11     | Noticed a skeletal warrior
 14752 | D:11     | Noticed a skeletal warrior
 14752 | D:11     | Noticed a skeletal warrior
 14791 | D:10     | Killed a white ugly thing
 15059 | Lair:1   | Entered Level 1 of the Lair of Beasts
 15400 | Lair:1   | Offered knowledge of Ignite Poison by Vehumet.
 16852 | Lair:2   | Noticed a seven-headed hydra
 16864 | Lair:2   | Killed a seven-headed hydra
 16991 | Lair:2   | Reached **** piety under Vehumet
 17236 | Lair:2   | Noticed a seven-headed hydra
 17245 | Lair:2   | Killed a seven-headed hydra
 17245 | Lair:2   | Reached XP level 12. HP: 96/106 MP: 14/27
 17926 | Lair:2   | Offered knowledge of Lee's Rapid Deconstruction by Vehumet.
 17933 | Lair:2   | Learned a level 5 spell: Lee's Rapid Deconstruction
 18521 | Lair:3   | Found a staircase to the Shoals.
 18526 | Lair:3   | Reached skill level 1 in Earth Magic
 18651 | Lair:3   | Reached skill level 10 in Fighting
 19345 | Lair:3   | Reached skill level 5 in Earth Magic
 19555 | Lair:3   | Found an iron altar of Okawaru.
 19987 | Lair:3   | Reached ***** piety under Vehumet
 20421 | Lair:4   | Offered knowledge of Freezing Cloud by Vehumet.
 20561 | Lair:4   | Found a frozen archway.
 20561 | Lair:4   | Found a staircase to the Snake Pit.
 20706 | IceCv    | Entered an ice cave
 21507 | Lair:5   | Reached XP level 13. HP: 103/114 MP: 23/29
 21979 | Lair:5   | Identified a scroll of acquirement
 22567 | Lair:6   | Entered Level 6 of the Lair of Beasts
 23341 | Lair:6   | Found a runed translucent gate.
 23341 | Lair:6   | Found a runed translucent gate.
 23341 | Lair:6   | Found a runed translucent gate.
 23341 | Lair:6   | Noticed kae's ghost (journeyman HOFi)
 23890 | Lair:6   | Found a viscous altar of Jiyva.
 23890 | Lair:6   | Found a staircase to the Slime Pits.
 23904 | Lair:6   | Slain by a komodo dragon

Illustrated notes

Levels and vault maps discovered:
D:1:      scummos_arrival_checkerplants, layout_basic, minmay_vboxes
D:2:      layout_basic
D:3:      layout_loops_ring, gammafunk_ghost_split
D:4:      layout_basic, nicolae_overflow_crystal_walls, first_ration
D:5:      layout_loops_corners, kennysheep_little_box,
          grunt_dithmenos_smoke_and_mirrors,
          minmay_temple_entry_statues_pillars, serial_shops,
          nicolae_shop_behind_doors, chequers_ossuary_entry_cave
D:6:      layout_rooms, serial_shops, shop
D:7:      layout_basic, nicolae_tso_besieged_by_evil
D:8:      layout_cave_pools, nicolae_overflow_hidden_temple, kennysheep_mini,
          grunt_lair_entry_orc_guard_hut, uniq_harold, uniq_maurice
D:9:      layout_basic, st_stairs_6
D:10:     layout_long_grid, david_orc_3, nicolae_two_hexagons
D:11:     layout_basic
Temple:   dshaligram_water_room_temple
Lair:1:   layout_long_grid
Lair:2:   layout_layer_cave
Lair:3:   layout_gridlike, elwin_shoals_entry_rooms, basic_altar
Lair:4:   layout_regular_city, guppyfry_snake_entry_island,
          portal_ice_cave_entry_ice_beasts, chequers_serial_rivers_small_a,
          forest_entry_grove
Lair:5:   layout_misc_corridors, chequers_serial_rivers_micro_d,
          serial_bayou_shore_b
Lair:6:   gammafunk_lair_ancient_temple, layout_cave_pods, slime_altar_1,
          ebering_ghost_rock_garden, minmay_another_anthill

Skill      XL: |  1  2  3  4  5  6  7  8  9 10 11 12 13 |
---------------+----------------------------------------+-----
Fighting       | 1 2 3 4 5 7 8 9 10 11 | 11.4
Spellcasting   | 3 4 5 7 8 10 11 12 13 | 13.4
Conjurations   | 5 6 7 8 10 11 12 13 | 13.3
Earth Magic    | 6 9 |  9.4
Dodging        | |  1.7
Stealth        | |  1.7

Action                   |  1- 3 |  4- 6 |  7- 9 | 10-12 | 13-15 || total
-------------------------+-------+-------+-------+-------+-------++-------
Melee: Unarmed           |    17 |       |       |       |       ||    17
       Tailslap          |     3 |     6 |     6 |     7 |       ||    22
       Short sword       |     5 |    75 |    39 |    64 |     2 ||   185
Throw: Throwing net      |       |       |       |     1 |       ||     1
 Cast: Magic Dart        |    73 |   125 |   249 |   344 |    59 ||   850
       Searing Ray       |       |     2 |    42 |   167 |    70 ||   281
       Iskenderun's Myst |       |       |     4 |    14 |    18 ||    36
Evoke: Wand              |       |       |     4 |    13 |     1 ||    18
  Use: Scroll            |       |       |    14 |    11 |     7 ||    32
       Potion            |       |       |       |     1 |     1 ||     2
  Eat: Chunk             |     4 |     9 |    15 |    28 |     7 ||    63
       Ration            |       |       |     1 |     2 |       ||     3
Armor: Skin              |     5 |    17 |    60 |   210 |    73 ||   365
Dodge: Dodged            |    24 |    49 |    77 |   262 |    96 ||   508
Block: Other             |       |    13 |    27 |   120 |    36 ||   196
       Reflection        |       |       |     2 |     7 |       ||     9

Table legend:
 A = Non-vault XP
 B = Vault XP
 C = Vault XP percentage of total XP
 D = Non-vault monster count
 E = Vault monster count
 F = Vault count percentage of total count
                 A         B        C        D         E       F
            +---------+---------+-------+---------+---------+-------
      Total |   41263 |   12545 |  23.3 |     344 |     103 |  23.0
            +---------+---------+-------+---------+---------+-------
        D:1 |      33 |       7 |  17.5 |      19 |       5 |  20.8
        D:2 |      53 |       0 |   0.0 |      12 |       0 |   0.0
        D:3 |     170 |       0 |   0.0 |      35 |       0 |   0.0
        D:4 |     663 |       0 |   0.0 |      24 |       0 |   0.0
        D:5 |     378 |       0 |   0.0 |      18 |       0 |   0.0
        D:6 |    1093 |       0 |   0.0 |      22 |       0 |   0.0
        D:7 |    1005 |     195 |  16.2 |      19 |      19 |  50.0
        D:8 |    1798 |    1766 |  49.6 |      14 |       5 |  26.3
        D:9 |    1436 |      66 |   4.4 |      29 |       1 |   3.3
       D:10 |    2007 |     262 |  11.5 |      14 |       8 |  36.4
       D:11 |    2459 |       0 |   0.0 |      13 |       0 |   0.0
     Lair:1 |    5542 |       0 |   0.0 |      29 |       0 |   0.0
     Lair:2 |    5368 |       0 |   0.0 |      18 |       0 |   0.0
     Lair:3 |    9676 |     435 |   4.3 |      38 |       1 |   2.6
     Lair:4 |     527 |    2846 |  84.4 |       4 |      18 |  81.8
     Lair:5 |    6946 |     667 |   8.8 |      30 |       2 |   6.2
     Lair:6 |    2109 |    6000 |  74.0 |       6 |      18 |  75.0
    Ossuary |       0 |     301 | 100.0 |       0 |      26 | 100.0
            +---------+---------+-------+---------+---------+-------
